 Dungeon Crawl Stone Soup version 0.25-a0-523-g9afb2ee040 (webtiles) character file.

Game seed: 18145089301847713888, levelgen mode: deterministic

2609 Flugslaktarn the Cleaver (level 9, -7/82 HPs)
             Began as a Deep Dwarf Fighter on Feb 18, 2020.
             Was a Follower of Makhleb.
             Mangled by Psyche
             ... wielding a +3 dagger of chaos
              (10 damage)
             ... on level 8 of the Dungeon.
             The game lasted 00:02:31 (3426 turns).

Flugslaktarn the Cleaver (Deep Dwarf Fighter)       Turns: 3426, Time: 00:02:32

Health: -7/82      AC: 13    Str: 27    XL:     9   Next: 34%
Magic:  9/9        EV:  5    Int: 10    God:    Makhleb [*.....]
Gold:   283        SH: 17    Dex: 12    Spells: 8/8 levels left

rFire    . . .     SeeInvis .   a - +0 war axe
rCold    . . .     Gourm    .   q - +0 tower shield (curse)
rNeg     . . .     Faith    .   j - +0 chain mail
rPois    .         Spirit   .   g - +0 helmet
rElec    .         Reflect  .   (no cloak)
rCorr    .         Harm     .   (no gloves)
MR       +....                  c - +0 pair of boots
Stlth    ..........             (no amulet)
HPRegen  0.00/turn              (no ring)
MPRegen  0.11/turn              (no ring)

@: mighty, lethally poisoned (-7 -> -7), non-regenerating, slowed, lightly
drained, very slow
A: damage resistance, heal wounds, sense surroundings 2, no regeneration
a: Heal Wounds, Renounce Religion


You were on level 8 of the Dungeon.
You worshipped Makhleb.
Makhleb was aware of your devotion.
You were not hungry.

You visited 2 branches of the dungeon, and saw 9 of its levels.

You collected 283 gold pieces.

Inventory:

Hand Weapons
 a - a +0 war axe (weapon)
Armour
 c - a +0 pair of boots (worn)
   (You found it on level 5 of the Dungeon)
 g - a +0 helmet (worn)
   (You found it on level 2 of the Dungeon)
 j - a +0 chain mail (worn)
   (You found it on level 3 of the Dungeon)
 q - a cursed +0 tower shield (worn)
   (You found it on level 4 of the Dungeon)
Jewellery
 B - an uncursed amulet of rage {unknown}
   (You found it on level 7 of the Dungeon)
Wands
 r - a wand of acid (5)
   (You found it on level 4 of the Dungeon)
 y - a wand of iceblast (11)
   (You found it on level 7 of the Dungeon)
Scrolls
 f - a scroll of enchant armour {unknown}
 h - 3 scrolls of identify {unknown}
 k - 4 scrolls of teleportation {unknown}
 n - 2 scrolls of immolation {unknown}
 o - a scroll of blinking {unknown}
 p - 2 scrolls of fear {unknown}
 u - 4 scrolls of noise {unknown}
 w - 2 scrolls of fog {unknown}
 x - 3 scrolls of remove curse {unknown}
Potions
 b - 3 potions of heal wounds {unknown}
 d - 2 potions of might
 i - 4 potions of curing {unknown}
 l - a potion of ambrosia {unknown}
 m - 3 potions of stabbing {unknown}
 s - 2 potions of flight {unknown}
 t - a potion of degeneration {unknown}
 v - a potion of haste {unknown}
 A - a potion of lignification {unknown}
Comestibles
 e - 12 rations
 z - 2 chunks of flesh


   Skills:
 + Level 5.7(5.5) Fighting
 * Level 9.0(8.7) Axes
 + Level 6.9(6.7) Armour
 + Level 6.9(6.6) Shields
 + Level 3.1(2.9) Invocations


You had 8 spell levels left.
You didn't know any spells.
Your spell library was empty.

Dungeon Overview and Level Annotations

Branches:
Dungeon (8/15)             Temple (1/1) D:5
   Lair: D:8-11

Altars:
Ashenzari
Dithmenos
Elyvilon
Fedhas
Gozag
Hepliaklqana
Kikubaaqudgha
Makhleb
Okawaru
Qazlal
Sif Muna
Trog
Uskayaw
Vehumet
Wu Jian
Yredelemnul
Zin
The Shining One

Annotations:
D:8 Psyche


Innate Abilities, Weirdness & Mutations

You are resistant to damage.
You can heal yourself by infusing magical energy.
You passively map the area around you.
You do not regenerate.


Message History

You can move again.
Okay, then.
You closely miss the hornet.
The hornet is severely wounded.
You closely miss the two-headed ogre.
Your shield and chain mail prevent you from hitting something.
Something hits you but does no damage.
You are electrocuted!
* * * LOW HITPOINT WARNING * * *
You block the hornet's attack. Something hits you but does no damage.
You block the hornet's attack. You block the two-headed ogre's attack.
The two-headed ogre hits you but does no damage.
You block something's attack. The hornet stings you!
* * * LOW HITPOINT WARNING * * *
You feel as though you will be slow longer.
You hit the hornet.
The hornet is almost dead.
You completely miss the two-headed ogre.
You miss something. Something hits you but does no damage.
You are electrocuted!
You die...

, , * ,* * ,
........### (.#
..........##..# ,
, ....(.........#
* ,
..............#
,..............##
*
...............#
, ......O)......#
* ......y@......#
, * ,
..?...{.......# ,
* ,
.............## ,
............## *
,............# ,
, ..........#.# ,
* .........##.# ,
##########..#
#..#


You could see a two-headed ogre and a hornet.

Vanquished Creatures
  Pikel (D:5)
  A hippogriff (D:7)
  A black bear (D:5)
  3 slaves (D:5)
  3 ice beasts
  A necrophage (D:5)
  A phantom (D:5)
  3 ogres
  A centaur (D:5)
  A big kobold (D:7)
  A bullfrog (D:8)
  A wyvern zombie (D:7)
  2 scorpions
  A wight (D:6)
  3 howler monkeys (D:7)
  4 crimson imps
  A centaur zombie (D:7)
  A hound (D:6)
  An orc priest (D:5)
  An orc wizard (D:3)
  An iguana (D:5)
  4 worker ants
  2 hound skeletons (D:4)
  A worker ant zombie (D:5)
  A gnoll (D:6)
  9 adders
  A shadow imp (D:5)
  An ooze (D:3)
  2 worms (D:4)
  An adder skeleton (D:7)
  2 adder zombies
  A dart slug (D:4)
  4 leopard geckos
  14 orcs
  6 bats
  11 giant cockroaches
  5 hobgoblins
  4 jackals
  10 kobolds
  4 quokkas
  2 ball pythons
  4 frilled lizards
  13 goblins
  A jackal skeleton (D:4)
  A leopard gecko skeleton (D:5)
  3 rats
140 creatures vanquished.

Vanquished Creatures (others)
  A worker ant (D:5)
1 creature vanquished.

Grand Total: 141 creatures vanquished

Notes
Turn   | Place    | Note
-------+----------+-------------------------------------------
     0 | D:1      | Flugslaktarn the Deep Dwarf Fighter began the quest for the
                  | Orb.
     0 | D:1      | Reached XP level 1. HP: 20/20 MP: 1/1
    96 | D:1      | Reached XP level 2. HP: 27/27 MP: 2/2
   204 | D:2      | Reached skill level 3 in Axes
   204 | D:2      | Reached XP level 3. HP: 33/33 MP: 2/2
   360 | D:2      | Noticed a scorpion
   366 | D:2      | Killed a scorpion
   366 | D:2      | Reached XP level 4. HP: 42/42 MP: 3/3
   439 | D:3      | Reached skill level 4 in Axes
   439 | D:3      | Reached XP level 5. HP: 42/49 MP: 4/4
   790 | D:4      | Noticed an ogre
   796 | D:4      | Killed an ogre
   796 | D:4      | Reached XP level 6. HP: 23/57 MP: 5/5
  1028 | D:4      | Reached skill level 5 in Axes
  1225 | D:5      | Entered Level 5 of the Dungeon
  1272 | D:5      | Reached XP level 7. HP: 45/64 MP: 6/6
  1342 | D:5      | Reached skill level 5 in Armour
  1342 | D:5      | Reached skill level 5 in Shields
  1413 | D:5      | Reached skill level 6 in Axes
  1564 | D:5      | Reached XP level 8. HP: 48/73 MP: 7/7
  1700 | D:5      | Reached skill level 7 in Axes
  1701 | D:5      | Found a staircase to the Ecumenical Temple.
  1705 | D:5      | Noticed Pikel
  1753 | D:5      | Killed Pikel
  1753 | D:5      | Reached skill level 5 in Fighting
  1782 | Temple   | Entered the Ecumenical Temple
  1878 | Temple   | Became a worshipper of Makhleb the Destroyer
  2112 | D:6      | Reached skill level 8 in Axes
  2112 | D:6      | Reached skill level 1 in Invocations
  2715 | D:7      | Gained mutation: You passively map the area around you.
                  | [Deep Dwarf growth]
  2715 | D:7      | Reached XP level 9. HP: 71/81 MP: 8/8
  2894 | D:7      | Found a burning altar of Makhleb.
  3084 | D:7      | Reached * piety under Makhleb
  3381 | D:8      | Reached skill level 9 in Axes
  3416 | D:8      | Noticed Psyche
  3416 | D:8      | Noticed a two-headed ogre
  3424 | D:8      | Paralysed by a hornet for 1 turns
  3425 | D:8      | HP: 3/82 [hornet (7)]
  3426 | D:8      | Mangled by Psyche

Levels and vault maps discovered:
D:1:      onia_arrival_mini_maze_b, layout_basic
D:2:      minmay_roachtagon, layout_basic, nemelex_xobeh_ov_fountains_minmay,
          serial_forest, infiniplex_forest_side_room,
          infiniplex_forest_clump_curved, infiniplex_forest_lined_3_way,
          infiniplex_forest_lined_room_2, infiniplex_forest_end_3
D:3:      layout_loops_ring, minmay_misc_feat_square, minivault_14,
          kennysheep_generic_room_15
D:4:      layout_rooms
D:5:      layout_loops_cross, minmay_temple_entry_mist, first_ration, uniq_pikel
D:6:      minmay_chambers_of_sixes, layout_cave_pools
D:7:      layout_loops_ring, basic_altar, supply_closet_lemuel
D:8:      layout_cave_pods, uniq_psyche, uniq_harold
Temple:   kilobyte_greek_temple

Skill      XL: |  1  2  3  4  5  6  7  8  9 |
---------------+----------------------------+-----
Axes           | 3 4 5 6 8 9 |  9.0
Fighting       | 3 4 5 |  5.7
Armour         | 4 5 6 |  6.9
Shields        | 4 5 6 |  6.9
Invocations    | 1 3 |  3.1

Action                   |  1- 3 |  4- 6 |  7- 9 || total
-------------------------+-------+-------+-------++-------
Melee: War axe           |   109 |   159 |   318 ||   586
 Abil: Heal Wounds       |     1 |     1 |    10 ||    12
  Use: Potion            |       |       |     1 ||     1
  Eat: Chunk             |       |     2 |     4 ||     6
       Ration            |       |       |     1 ||     1
Armor: Scale mail        |    64 |    13 |       ||    77
       Chain mail        |       |    73 |   172 ||   245
Dodge: Dodged            |    43 |    41 |    41 ||   125
Block: Kite shield       |    64 |   101 |       ||   165
       Tower shield      |       |     9 |   272 ||   281

Table legend:
 A = Non-vault XP
 B = Vault XP
 C = Vault XP percentage of total XP
 D = Non-vault monster count
 E = Vault monster count
 F = Vault count percentage of total count
                 A         B        C        D         E       F
            +---------+---------+-------+---------+---------+-------
      Total |    2948 |     780 |  20.9 |     124 |      14 |  10.1
            +---------+---------+-------+---------+---------+-------
        D:1 |      19 |       0 |   0.0 |      10 |       0 |   0.0
        D:2 |      97 |      12 |  11.0 |      13 |       6 |  31.6
        D:3 |     115 |       2 |   1.7 |      27 |       1 |   3.6
        D:4 |     408 |       0 |   0.0 |      21 |       0 |   0.0
        D:5 |    1010 |     617 |  37.9 |      19 |       1 |   5.0
        D:6 |     235 |     149 |  38.8 |       5 |       6 |  54.5
        D:7 |     968 |       0 |   0.0 |      27 |       0 |   0.0
        D:8 |      96 |       0 |   0.0 |       2 |       0 |   0.0
            +---------+---------+-------+---------+---------+-------
